 Dungeon Crawl Stone Soup version 0.29-a0-369-gd956c00756 (webtiles) character file.

Game seed: 3622241624626789237

53 spaghetti the Sneak (level 1, -1/16 HPs)
             Began as an Octopode Brigand on May 1, 2022.
             Was a Follower of Ru.
             Slain by a worm (8 damage)
             ... on level 2 of the Dungeon.
             The game lasted 00:01:24 (990 turns).

spaghetti the Sneak (Octopode Brigand)               Turns: 990, Time: 00:01:24

Health: -1/16      AC:  1    Str: 10    XL:     1   Next: 87%
Magic:  1/1        EV: 13    Int: 13    God:    Ru [*.....]
Gold:   68         SH:  0    Dex: 15    Spells: 0/0 levels left

rFire   . . .      SeeInvis .   a - +2 dagger {short}
rCold   . . .      Faith    .   (no shield)
rNeg    . . .      Spirit   .   (helmet restricted)
rPois   .          Reflect  .   (no amulet)
rElec   .          Harm     .   (no ring)
rCorr   .          Rampage  .   (no ring)
Will    .....                   (no ring)
Stlth   ++++......              (no ring)
HPRegen 0.05/turn               (no ring)
MPRegen 0.07/turn               (no ring)
                                (no ring)
                                (no ring)

@: no status effects
A: almost no armour, amphibious, 8 rings, camouflage 1, gelatinous body 1,
inexperienced 1, (nimble swimmer 1), tentacles
a: Renounce Religion


You were on level 2 of the Dungeon.
You worshipped Ru.
Ru was aware of your devotion.
You visited 1 branch of the dungeon, and saw 2 of its levels.

You collected 68 gold pieces.


Innate Abilities, Weirdness & Mutations

You cannot wear most types of armour.
You are amphibious.
You can wear up to eight rings at the same time.
Your skin changes colour to match your surroundings (Stealth+).
Your rubbery body absorbs attacks. (AC +1, EV +1)
You are somewhat inexperienced. (-2 XL)
((You are camouflaged when in or above water. (Stealth+)))
You have tentacles for arms and can constrict up to eight enemies at once.


   Skills:
 + Level 3.1 Fighting
 - Level 2.0 Short Blades
 - Level 2.0 Throwing
 + Level 2.5 Dodging
 - Level 5.3 Stealth


You couldn't memorise any spells.
You didn't know any spells.
Your spell library was empty.

Inventory:

Hand Weapons
 a - a +2 dagger (weapon) {short}
Missiles
 b - 14 poisoned darts (quivered) {throwing}
 c - 3 curare-tipped darts {=fthrowing}
 f - 89 stones {throwing}
Scrolls
 d - a scroll of summoning {unknown}
 g - a scroll of vulnerability {unknown}
 i - a scroll of silence {unknown}
 j - 3 scrolls of teleportation {unknown}
 l - a scroll of immolation {unknown}
Potions
 e - a potion of attraction {unknown}
 h - a potion of heal wounds {unknown}
 k - a potion of brilliance {unknown}
 m - a potion of flight {unknown}

Dungeon Overview and Level Annotations

Branches:
Dungeon (2/15)

Altars:
Ru

###..#### ##. ####...##
# #..####....###
#######.##....####
#.....#......## ..
....>.........## ##
>!.............#
...........†.$.#
.......@.......#
....(.w............
................### #..
..................
.....
................######.
#.....##......#.# #
###### #####..... ...


You could see a worm.


Message History

You hit the worm.
You constrict the worm, but do no damage.
You hit the worm. You constrict the worm. The worm bites you.
* * * LOW HITPOINT WARNING * * *
😨 HP[-6]
You take 6 damage, and now have 6/16 hp.
MASSIVE DAMAGE!! (PAUSE) Unknown command.
You hit the worm. You squeeze the worm, but do no damage.
You constrict the worm.
You kill the worm!
You start resting. 😎 HP[+10]
Your hp is fully restored (16).
Things that are here:
a worm corpse; an adder skeleton
m - a golden potion
b - 14 poisoned darts {throwing} (gained 5)
You see here an adder skeleton.
A rat comes into view.
You hit the rat.
You kill the rat!
No target in view!
No target in view!
No target in view!
No target in view!
No target in view!
No target in view!
No target in view!
No target in view!
No target in view!
No target in view!
No target in view!
No target in view!
No target in view!
No target in view!
You now have 68 gold pieces (gained 6).
You see here a rat corpse.
An endoplasm comes into view.
The endoplasm quivers.
An endoplasm is nearby!
An endoplasm is nearby!
The endoplasm closely misses you.
You hit the endoplasm. You squeeze the endoplasm.
You kill the endoplasm!
No target in view!
Key pressed, stopping explore.
There is an escape hatch in the ceiling here.
Key pressed, stopping explore.
A jackal comes into view.
A jackal comes into view.
Found 14 stones.
Found an escape hatch in the floor.
The jackal misses you.
You hit the jackal. You grab the jackal. Your squeeze misses the jackal.
You constrict the jackal, but do no damage.
The jackal bites you. 😕 HP[-2]
You take 2 damage, and now have 14/16 hp.
You are too injured to fight recklessly!
You are too injured to fight recklessly!
You are too injured to fight recklessly!
You are too injured to fight recklessly!
You are too injured to fight recklessly!
You are too injured to fight recklessly!
You are too injured to fight recklessly!
You are too injured to fight recklessly!
You are too injured to fight recklessly!
You are too injured to fight recklessly!
There are monsters nearby!
You hit the jackal.
You constrict the jackal, but do no damage.
The jackal barks!
The jackal bites you. 😕 HP[-1]
You take 1 damage, and now have 13/16 hp.
You hit the jackal.
You kill the jackal!
You hit the jackal but do no damage. You grab the jackal.
You squeeze the jackal.
You kill the jackal!
You see here a jackal corpse.
You start resting.
A worm comes into view. 😕 HP[+1]
A worm is nearby!
A worm is nearby!
A worm is nearby!
A worm is nearby!
Found a stone staircase leading down.
You hit the worm. You grab the worm. You squeeze the worm!
You constrict the worm, but do no damage.
The worm bites you!
* * * LOW HITPOINT WARNING * * *
😨 HP[-7]
You take 7 damage, and now have 7/16 hp.
MASSIVE DAMAGE!! (PAUSE)
You hit the worm. You squeeze the worm. You constrict the worm.
The worm bites you!
Ouch! That really hurt!
You die...

Skill      XL: |  1  2 |
---------------+-------+-----
Dodging        | 2 |  2.5
Fighting       | 3 |  3.1
Short Blades   | |  2.0
Throwing       | |  2.0
Stealth        | |  5.3

Action                   || total
-------------------------++-------
Melee: Dagger            ||    49
       Constrict         ||    10
       Tentacles         ||    11
       Punch             ||     1
Invok: Sacrifice Experie ||     1
 Stab: Sleeping          ||    17
Dodge: Dodged            ||    12

Levels and vault maps discovered:
D:1:      dpeg_arrival_rooms_with_view, layout_rooms
D:2:      layout_rooms, shapermc_ecumenical_altar_mp_highgroup,
          minmay_tetromino_t2

Notes
Turn   | Place    | Note
-------+----------+-------------------------------------------
     0 | D:1      | spaghetti the Octopode Brigand began the quest for the Orb.
     0 | D:1      | Reached XP level 1. HP: 14/14 MP: 1/1
     0 | D:1      | magus.rc [v1.9.6]
   251 | D:1      | Reached XP level 2. HP: 20/20 MP: 2/2
   440 | D:1      | Reached skill level 2 in Dodging
   544 | D:2      | Found a faded altar of an unknown god.
   554 | D:2      | Reached XP level 3. HP: 25/25 MP: 3/3
   557 | D:2      | Prayed at the altar of an unknown god.
   557 | D:2      | Became a worshipper of Ru the Awakened
   578 | D:2      | Gained mutation: You are somewhat inexperienced. (-2 XL)
                  | [Ru sacrifice]
   578 | D:2      | Reached XP level 2. HP: 20/20 MP: 2/2
   578 | D:2      | Reached XP level 1. HP: 15/15 MP: 1/1
   578 | D:2      | Reached * piety under Ru
   661 | D:2      | Reached skill level 3 in Fighting
   990 | D:2      | Slain by a worm

Vanquished Creatures
  An adder (D:2)
  2 worms (D:2)
  A dart slug (D:1)
  3 ball pythons
  5 endoplasms
  A giant cockroach (D:1)
  3 hobgoblins (D:1)
  5 jackals (D:2)
  2 quokkas (D:1)
  2 bats (D:1)
  2 kobolds (D:1)
  5 rats
32 creatures vanquished.

Table legend:
 A = Non-vault XP
 B = Vault XP
 C = Vault XP percentage of total XP
 D = Non-vault monster count
 E = Vault monster count
 F = Vault count percentage of total count
                 A         B        C        D         E       F
            +---------+---------+-------+---------+---------+-------
      Total |      73 |       3 |   3.9 |      30 |       2 |   6.2
            +---------+---------+-------+---------+---------+-------
        D:1 |      30 |       3 |   9.1 |      16 |       2 |  11.1
        D:2 |      43 |       0 |   0.0 |      14 |       0 |   0.0
            +---------+---------+-------+---------+---------+-------

Illustrated notes

Table legend:
 A = Kills in this place as a percentage of kills in entire the game.
 B = Kills by you in this place as a percentage of kills by you in the entire game.
 C = Kills by friends in this place as a percentage of kills by friends in the entire game.
 D = Other kills in this place as a percentage of other kills in the entire game.
 E = Experience gained in this place as a percentage of experience gained in the entire game.
 F = Experience gained in this place divided by the number of levels of this place that you have seen.
                   A       B       C       D       E      F
               +-------+-------+-------+-------+-------+----------------------
         Total | 100.0 | 100.0 |   N/A |   N/A | 100.0 |  38.0
       Dungeon | 100.0 | 100.0 |   N/A |   N/A | 100.0 |  38.0
               +-------+-------+-------+-------+-------+----------------------

Table legend: (Time is in decaauts)
 A = Elapsed time spent in this place.
 B = Non-inter-level travel time spent in this place.
 C = Inter-level travel time spent in this place.
 D = Time resting spent in this place.
 E = Time spent auto-exploring this place.
 F = Levels seen in this place.
 G = Mean time per level.
                   A        B        C        D        E       F      G
               +--------+--------+--------+--------+--------+-----+--------+
         Total |    985 |    982 |      3 |    308 |    464 |   2 |  492.5 |
       Dungeon |    985 |    982 |      3 |    308 |    464 |   2 |  492.5 |
               +--------+--------+--------+--------+--------+-----+--------+

Top non-repeatable levels by time:
     D:1: 540 daAuts
     D:2: 445 daAuts
